 Dungeon Crawl Stone Soup version 0.27-a0-1431-gcffa5a9b16 (webtiles) character file.

Game seed: 10783223968974403147

42 snetch the Magician (level 3, -4/25 HPs)
             Began as a Djinni Fire Elementalist on July 2, 2021.
             Slain by a gnoll (13 damage)
             ... on level 2 of the Dungeon.
             The game lasted 00:04:34 (1677 turns).

snetch the Magician (Djinni Fire Elementalist)      Turns: 1677, Time: 00:04:35

Health: -4/25      AC:  3    Str:  7    XL:     3   Next: 80%
Gold:   68         EV: 12    Int: 17    God:
                   SH:  0    Dex: 13

rFire    + + .     SeeInvis .   (no weapon)
rCold    x . .     Faith    .   (no shield)
rNeg     . . .     Spirit   .   j - +0 leather armour
rPois    ∞         Reflect  .   (no helmet)
rElec    .         Harm     .   (no cloak)
rCorr    .         Rampage  .   (no gloves)
Will     .....                  (boots unavailable)
Stlth    ++........             (no amulet)
HPRegen  0.08/turn              (no ring)
MPRegen  0.00/turn              (no ring)

@: flying
A: sickness immunity, fire resistance 2, cold vulnerability 1, float, innate
caster, hp casting, extra vitality 1
a: no special abilities


You were on level 2 of the Dungeon.
You visited 1 branch of the dungeon, and saw 2 of its levels.

You collected 68 gold pieces.

Inventory:

Missiles
 g - 27 bolts
 i - 6 javelins
Armour
 d - a +0 ring mail
 j - a +0 leather armour (worn)
Scrolls
 e - a scroll of noise {unknown}
 h - a scroll of blinking {unknown}
Potions
 b - a potion of magic {unknown}
 c - a potion of attraction {unknown}
 f - a potion of mutation {unknown}


   Skills:
 + Level 2.7 Dodging
 + Level 1.7 Stealth
 + Level 3.2 Spellcasting


You couldn't memorise any spells.
You knew the following spells:

 Your Spells              Type           Power      Damage    Failure   Level
a - Foxfire               Conj/Fire      52%        2x1d6     7%          1
b - Conjure Flame         Conj/Fire      13%        6-21      21%         3
c - Inner Flame           Hex/Fire       13%        N/A       21%         3
d - Sticky Flame          Conj/Fire      13%        2d4       54%         4
e - Fireball              Conj/Fire      6%         3d5       88%         5
f - Freeze                Ice            52%        1d7       7%          1
Your spell library was empty.

Dungeon Overview and Level Annotations

Branches:
Dungeon (2/15)

Altars:

Shops:
D:1 *   D:2 ?


Innate Abilities, Weirdness & Mutations

You are immune to sickness and miasma.
You are immune to poison.
Your flesh is very heat resistant. (rF++)
You are vulnerable to cold. (rC-)
You float through the air rather than walking.
You learn spells naturally, not from books.
Your magical power is your life essence.
You have superior vitality. (+4 HP)


Message History

The gnoll is moderately wounded.
You conjure some foxfire!
The foxfire hits the gnoll.
The gnoll is heavily wounded.
The foxfire hits the gnoll.
The gnoll is almost dead.
You conjure some foxfire!
The foxfire hits the gnoll.
The gnoll is moderately wounded.
An endoplasm comes into view.
The foxfire hits the gnoll but does no damage.
The gnoll is moderately wounded.
You miscast Foxfire.
You are very lightly contaminated with residual magic.
Nothing appears to happen.
The foxfire hits the gnoll but does no damage.
The gnoll is moderately wounded.
The foxfire hits the gnoll.
The gnoll is moderately wounded.
You miscast Foxfire.
Nothing appears to happen.
Unknown command.
Your magical contamination has completely faded away.
Unknown command.
Casting: Foxfire (safe; 7% risk of failure)
Confirm with . or Enter, or press ? or * to list all spells.
Aiming: Freeze (safe; 7% risk of failure)
Press: ? - help, Shift-Dir - straight line, f - gnoll
Aim: a gnoll, wielding a +0 halberd (moderately wounded)
You freeze the gnoll.
The gnoll is heavily wounded.
The gnoll hits you from afar with a +2 spear of freezing.
The gnoll freezes you. The gnoll closely misses you.
Casting: Freeze (safe; 7% risk of failure)
Confirm with . or Enter, or press ? or * to list all spells.
Aiming: Freeze (safe; 7% risk of failure)
Press: ? - help, Shift-Dir - straight line, f/p - gnoll
Aim: a gnoll, wielding a +0 halberd (heavily wounded)
You freeze the gnoll.
The gnoll is heavily wounded.
The gnoll closely misses you. The gnoll hits you with a +0 halberd!
Ouch! That really hurt!
You die...

.#.###....#.#.##.####.##...
...........................
.#.###.)[............###.#.
#.#.###..#.###.##.####....#.
...........<...##.........#.
..#####...................).
#.##.###.##.###...J.#
#.######.##.###.....#
...#####....@.g.J.g...g....#
............g.r.##.####....#
..######.#####..##.# ####...
#†# #..##.#### ... ##'###
#..##....+ .. #....#
#..##.#### .. #....###..##.#
+....'.......###
#....###.......#


You could see 3 gnolls, an endoplasm and a rat.

Vanquished Creatures
  A gnoll (D:2)
  An adder (D:2)
  A worm (D:2)
  2 ball pythons (D:2)
  2 bats
  An endoplasm (D:1)
  A giant cockroach (D:2)
  4 goblins
  2 hobgoblins
  3 jackals (D:1)
  A kobold (D:1)
  A rat (D:1)
20 creatures vanquished.

Vanquished Creatures (others)
  95 foxfires
95 creatures vanquished.

Grand Total: 115 creatures vanquished

Notes
Turn   | Place    | Note
-------+----------+-------------------------------------------
     0 | D:1      | snetch the Djinni Fire Elementalist began the quest for the
                  | Orb.
     0 | D:1      | Reached XP level 1. HP: 15/15 MP: 0/0
   128 | D:1      | Found Zafas's General Store.
   330 | D:1      | Reached XP level 2. HP: 18/21 MP: 0/0
  1018 | D:1      | You are sucked into a shaft and drop 1 floor!
  1038 | D:2      | Found Ekhliomamn's Magic Scroll Boutique.
  1048 | D:2      | Found a faded altar of an unknown god.
  1350 | D:2      | Reached skill level 3 in Spellcasting
  1350 | D:2      | Reached XP level 3. HP: 22/25 MP: 0/0
  1350 | D:2      | Learned a level 1 spell: Freeze
  1677 | D:2      | Slain by a gnoll

Illustrated notes

Levels and vault maps discovered:
D:1:      lightli_arrival_noodles, layout_loops_cross, serial_shops,
          nicolae_shop_trees, minmay_unequal
D:2:      layout_basic, hellmonk_ecumenical_altar_pennies_from_heaven,
          serial_shops, nicolae_shop_temple_entry_statues_fountains

Skill      XL: |  1  2 |
---------------+-------+-----
Spellcasting   | 3 |  3.2
Dodging        | |  2.7
Stealth        | |  1.7

Action                   || total
-------------------------++-------
Melee: Unarmed           ||     1
 Cast: Foxfire           ||    60
       Freeze            ||     2
Armor: Robe              ||     2
Dodge: Dodged            ||    13

Table legend: (Time is in decaauts)
 A = Elapsed time spent in this place.
 B = Non-inter-level travel time spent in this place.
 C = Inter-level travel time spent in this place.
 D = Time resting spent in this place.
 E = Time spent auto-exploring this place.
 F = Levels seen in this place.
 G = Mean time per level.
                   A        B        C        D        E       F      G
               +--------+--------+--------+--------+--------+-----+--------+
         Total |   1681 |   1571 |    110 |      0 |   1288 |   2 |  840.5 |
       Dungeon |   1681 |   1571 |    110 |      0 |   1288 |   2 |  840.5 |
               +--------+--------+--------+--------+--------+-----+--------+

Top non-repeatable levels by time:
     D:1: 1324 daAuts
     D:2: 357 daAuts
